 Dungeon Crawl Stone Soup version 0.21-a0-509-gecc5317 (webtiles) character file.

121 zero the Covert (level 4, -2/21 HPs)
             Began as a Spriggan Earth Elementalist on Nov 30, 2017.
             Slain by a goblin
             ... wielding a +0 dagger
              (6 damage)
             ... on level 2 of the Dungeon.
             The game lasted 00:08:06 (3118 turns).

zero the Covert (Spriggan Earth Elementalist)       Turns: 3118, Time: 00:08:07

Health: -2/21      AC:  2    Str:  4    XL:     4   Next: 77%
Magic:  0/9        EV: 18    Int: 17    God:
Gold:   84         SH:  0    Dex: 16    Spells: 4/8 levels left

rFire    . . .     SeeInvis +   n - +1 dagger
rCold    . . .     Gourm    .   (shield restricted)
rNeg     . . .     Faith    .   c - +0 robe
rPois    .         Spirit   .   (helmet restricted)
rElec    .         Reflect  .   (no cloak)
rCorr    .         Harm     .   (gloves unavailable)
MR       .....                  (boots unavailable)
Stlth    ++++......             (no amulet)
HPRegen  0.07/turn              (no ring)
MPRegen  0.11/turn              (no ring)

@: very slightly contaminated, very quick
A: very small, unfitting armour, see invisible, herbivore 3, speed 3, slow
metabolism 2
a: no special abilities


You were on level 2 of the Dungeon.
You were not hungry.

You visited 1 branch of the dungeon, and saw 3 of its levels.

You collected 84 gold pieces.

Inventory:

Hand Weapons
 n - a +1 dagger (weapon)
Armour
 c - a +0 robe (worn)
Jewellery
 p - an uncursed ring of positive energy {unknown}
Wands
 q - a wand of acid (6)
Scrolls
 f - 2 scrolls of magic mapping {unknown}
 h - a scroll of enchant armour {unknown}
 i - 2 scrolls of fear {unknown}
 k - a scroll of remove curse {unknown}
 l - 2 scrolls of identify {unknown}
 m - a scroll of blinking {unknown}
 r - a scroll of teleportation {unknown}
Potions
 a - a potion of haste {unknown}
 b - a potion of lignification {unknown}
 g - 2 potions of degeneration {unknown}
 o - 2 potions of heal wounds {unknown}
 s - a potion of curing {unknown}
Books
 e - a book of Geomancy

   Spells                             Type                      Level
   a - Sandblast                      Earth                        1
   b - Passwall                       Transmutation/Earth          2
   c - Stone Arrow                    Conjuration/Earth            3
   d - Petrify                        Transmutation/Earth          4
   e - Lee's Rapid Deconstruction     Earth                        5
Comestibles
 d - 3 bread rations
 j - a royal jelly


   Skills:
 - Level 3.0 Dodging
 + Level 8.0 Stealth
 - Level 2.6 Spellcasting
   Level 1.3 Transmutations
 - Level 2.6 Earth Magic


You had 4 spell levels left.
You knew the following spells:

 Your Spells              Type           Power        Failure   Level  Hunger
a - Sandblast             Erth           ##....       6%          1    #......
b - Stone Arrow           Conj/Erth      #.....       30%         3    ###....


Dungeon Overview and Level Annotations

Branches:
Dungeon (3/15)

Altars:


Innate Abilities, Weirdness & Mutations

You are very small and have problems with some larger weapons.
You are too small for most types of armour.
You have supernaturally acute eyesight. (SInv)
You are a herbivore.
You cover ground extremely quickly.
You need consume almost no food.


Message History

The stone arrow hits the jackal.
You kill the jackal!
Your Stealth skill increases to level 8!
The goblin closely misses you.
Casting: Stone Arrow
Confirm with . or Enter, or press ? or * to list all spells.
Aiming: Stone Arrow
Press: ? - help, Shift-Dir - straight line, f - goblin
Aim: a goblin, wielding a dagger You miscast Stone Arrow.
The air around you crackles with energy!
The goblin hits you with a dagger.
* * * LOW HITPOINT WARNING * * *
Casting: Stone Arrow
Confirm with . or Enter, or press ? or * to list all spells.
You don't have enough magic to cast that spell.
You hit the goblin.
The goblin is moderately wounded.
The goblin hits you with a dagger.
You die...

############
#..........#
.>.........#
...........#
#############
...........#
#.@....##...#
...........#
#g.....##...#
...........#
##......##...#
...........#
#...#.####...#
...........#
#.###.####...#
#.........<# #.#
#.##.....#
#..........# #.#
#.##.....#
####..###.####.#
#..<.#...# #....##
#.###..###...##...#


You could see a goblin.

Vanquished Creatures
  A worker ant (D:2)
  3 adders (D:2)
  A worm (D:2)
  3 dart slugs
  2 leopard geckos
  7 bats
  2 giant cockroaches
  8 goblins
  3 hobgoblins
  16 jackals
  A frilled lizard (D:2)
  3 kobolds (D:1)
  4 rats
54 creatures vanquished.

Notes
Turn   | Place    | Note
-------+----------+-------------------------------------------
     0 | D:1      | zero the Spriggan Earth Elementalist began the quest for the Orb.
     0 | D:1      | Reached XP level 1. HP: 9/9 MP: 5/5
   127 | D:1      | Reached skill level 4 in Stealth
   252 | D:1      | Reached XP level 2. HP: 9/13 MP: 6/6
   639 | D:1      | Reached skill level 5 in Stealth
  1059 | D:1      | Reached XP level 3. HP: 16/16 MP: 6/8
  1379 | D:2      | Reached skill level 6 in Stealth
  1992 | D:2      | Reached XP level 4. HP: 21/21 MP: 6/9
  2021 | D:2      | Reached skill level 7 in Stealth
  2300 | D:1      | Learned a level 3 spell: Stone Arrow
  3116 | D:2      | Reached skill level 8 in Stealth
  3118 | D:2      | Slain by a goblin

Vault maps used:
D:1:      dpeg_arrival_refuge
D:2:      first_bread
D:3:      serial_forest, infiniplex_forest_clump_medium,
          infiniplex_forest_straight_5, infiniplex_forest_clump_long,
          infiniplex_forest_clump_C, infiniplex_forest_lined_room_3

Skill      XL: |  1  2  3  4 |
---------------+-------------+-----
Stealth        | 4 5 6 8 |  8.0
Dodging        | |  3.0
Spellcasting   | |  2.6
Transmutations | |  1.3
Earth Magic    | |  2.6

Action                   |  1- 3 |  4- 6 || total
-------------------------+-------+-------++-------
Melee: Whip              |    15 |       ||    15
       Unarmed           |     3 |       ||     3
       Dagger            |    20 |    61 ||    81
 Cast: Sandblast         |    64 |    10 ||    74
       Stone Arrow       |       |    10 ||    10
Evoke: Wand              |       |     3 ||     3
  Use: Scroll            |       |     1 ||     1
 Stab: Sleeping          |     5 |     2 ||     7
       Distracted        |       |     1 ||     1
  Eat: Royal jelly       |       |     1 ||     1
Armor: Robe              |    22 |    15 ||    37
Dodge: Dodged            |   113 |   141 ||   254

Table legend:
 A = Spawn XP
 B = Non-spawn XP
 C = Spawn XP percentage of total XP
 D = Spawn monster count
 E = Non-spawn monster count
 F = Spawn count percentage of total count
 G = Total turns spent on level
                    A         B        C        D         E        F      G
               +---------+---------+-------+---------+---------+-------+---------
         Total |       0 |     174 |   0.0 |       0 |      54 |   0.0 |  3118
               +---------+---------+-------+---------+---------+-------+---------
           D:1 |       0 |      49 |   0.0 |       0 |      25 |   0.0 |  1858
           D:2 |       0 |     125 |   0.0 |       0 |      29 |   0.0 |  1246
               +---------+---------+-------+---------+---------+-------+---------
